 Dungeon Crawl Stone Soup version 0.30-a0-715-gdb4ae3ece1 (webtiles) character file.

Game seed: 4268237104458851814

541 M4edhros the Insei (level 7, -20/47 HPs)
             Began as an Octopode Transmuter on Jan 24, 2023.
             Demolished by an ogre
             ... wielding a +0 giant club
              (24 damage)
             ... on level 5 of the Dungeon.
             The game lasted 00:02:03 (1910 turns).

M4edhros the Insei (Octopode Transmuter)            Turns: 1910, Time: 00:02:03

Health: -20/47     AC:  1    Str:  9    XL:     7   Next: 26%
Magic:  10/10      EV: 14    Int: 16    God:
Gold:   90         SH:  0    Dex: 14    Spells: 9/10 levels left

rFire   + . .      SeeInvis .      - Unarmed
rCold   + . .      Faith    .    (no shield)
rNeg    . . .      Spirit   .    (helmet restricted)
rPois   +          Reflect  .    (no amulet)
rElec   +          Harm     .    (no ring)
rCorr   +          Rampage  .    (no ring)
Will    .....                    (no ring)
Stlth   ++                       (no ring)
HPRegen 0.27/turn                (no ring)
MPRegen 0.12/turn                (no ring)
                                 (no ring)
                                 (no ring)

@: mighty, resistant, attractive
A: almost no armour, amphibious, 8 rings, camouflage 1, gelatinous body 1,
(nimble swimmer 1), tentacles
a: no special abilities


You were on level 5 of the Dungeon.
You visited 1 branch of the dungeon, and saw 4 of its levels.
You also visited: Sewer.

You collected 90 gold pieces.

Inventory:

Missiles
 a - a curare-tipped dart
 j - 14 poisoned darts
Jewellery
 e - a +6 ring of strength
Scrolls
 b - a scroll of identify {unknown}
 g - 2 scrolls of fear {unknown}
 i - 5 scrolls of enchant weapon {unknown}
 k - a scroll of summoning {unknown}


   Skills:
 + Level 3.7 Fighting
 + Level 4.1 Dodging
 * Level 6.1 Unarmed Combat
 - Level 2.0 Spellcasting
 - Level 2.0 Transmutations


You had 9 spell levels left.
You knew the following spells:

 Your Spells              Type           Power      Damage    Failure   Level
a - Beastly Appendage     Tmut           16%        N/A       9%          1

Your spell library contained the following spells:

 Spells                   Type           Power      Damage    Failure   Level
 Wereblood                Tmut           8%         N/A       14%         2
 Spider Form              Tmut/Pois      4%         N/A       38%         3
 Ice Form                 Ice/Tmut       4%         N/A       80%         4


Dungeon Overview and Level Annotations

Branches:
Dungeon (5/15)              Sewer (visited)
 Temple: D:4-7

Altars:
Yredelemnul


Innate Abilities, Weirdness & Mutations

You cannot wear most types of armour.
You are amphibious.
You can wear up to eight rings at the same time.
Your skin changes colour to match your surroundings (Stealth+).
Your rubbery body absorbs attacks. (AC +1, EV +1)
((You are camouflaged when in or above water. (Stealth+)))
You have tentacles for arms and can constrict up to eight enemies at once.


Message History

You feel very mighty all of a sudden.
You feel sick. The scorpion misses you.
It was a potion of resistance.
You feel protected.
You feel sick. The necrophage barely misses you. The scorpion stings you.
* * * LOW HITPOINT WARNING * * *
It was a potion of heal wounds.
You feel much better.
You feel sick.
You are no longer poisoned.
The scorpion stings you. The necrophage hits you!
You feel drained. The ogre barely misses you.
You barely miss the ogre. You squeeze the ogre.
You kill the ogre!
The scorpion stings you. The necrophage hits you!
* * * LOW HITPOINT WARNING * * *
Your life force feels restored.
Your Dodging skill increases to level 4!
You have reached level 7!
You tentacle-slap the scorpion. Your grab misses the scorpion.
You squeeze the scorpion.
The scorpion is heavily wounded.
The scorpion barely misses you.
The necrophage hits you but does no damage.
You tentacle-slap the scorpion but do no damage.
You grab the scorpion.
The scorpion is heavily wounded.
You constrict the scorpion, but do no damage.
The scorpion completely misses you. The necrophage hits you.
* * * LOW HITPOINT WARNING * * *
You tentacle-slap the scorpion. x2; You squeeze the scorpion.
You kill the scorpion!
The necrophage hits you.
* * * LOW HITPOINT WARNING * * *
Your Unarmed Combat skill increases to level 6!
You bludgeon the ogre!
The ogre is heavily wounded.
You barely miss the ogre.
The ogre is heavily wounded.
The ogre hits you with a +0 giant club!!
Ouch! That really hurt!
You die...

....#~~~~~~~#.... .....
........~~~~~......
...........[..#~..#...###
##....................#..
.#...... #................
.......###....##.......#..
..........##...........###
#......n##...............
..#.##...O@................
........(##).......#.......
......$....♣♣♣♣'♣♣♣♣##.....
......!....'...... #..>..
...........♣.♣...♣.♣ ......
.........##♣ ♣._.♣ ♣ .##...
.......... ♣...♣ . ...
........... ..... ...
........... ♣♣+


You could see an ogre and a necrophage.

Vanquished Creatures
  An ogre (D:5)
  3 kobold brigands (Sewer)
  A scorpion (D:5)
  A hound (D:5)
  Natasha (twice) (D:2)
  2 gnolls (D:5)
  3 river rats (Sewer)
  2 adders (Sewer)
  2 worms (Sewer)
  An orc (D:5)
  A bat (D:1)
  5 endoplasms
  A giant cockroach (D:5)
  3 goblins
  4 hobgoblins
  A quokka (D:1)
  6 ball pythons
  7 kobolds
  9 rats
55 creatures vanquished.

Notes
Turn   | Place    | Note
-------+----------+-------------------------------------------
     0 | D:1      | M4edhros the Octopode Transmuter began the quest for the
                  | Orb.
     0 | D:1      | Reached XP level 1. HP: 13/13 MP: 3/3
   184 | D:1      | Reached XP level 2. HP: 14/18 MP: 5/5
   434 | D:2      | Noticed Natasha
   438 | D:2      | Killed Natasha
   439 | D:2      | Reached XP level 3. HP: 16/24 MP: 6/6
   640 | D:2      | Noticed Natasha
   649 | D:2      | Killed Natasha
   650 | D:2      | Reached skill level 4 in Unarmed Combat
   650 | D:2      | Reached XP level 4. HP: 24/29 MP: 7/7
   690 | D:3      | You fall into a shaft and drop 2 floors!
   690 | D:5      | Entered Level 5 of the Dungeon
   822 | D:5      | Found a glowing drain.
   844 | Sewer    | Entered a sewer
   972 | Sewer    | Noticed a kobold brigand
   992 | Sewer    | Killed a kobold brigand
   993 | Sewer    | Reached XP level 5. HP: 6/35 MP: 8/8
  1218 | Sewer    | Noticed a kobold brigand
  1235 | Sewer    | Killed a kobold brigand
  1236 | Sewer    | Reached skill level 5 in Unarmed Combat
  1236 | Sewer    | Reached XP level 6. HP: 15/41 MP: 9/9
  1881 | D:5      | Found a basalt altar of Yredelemnul.
  1906 | D:5      | Reached XP level 7. HP: 8/46 MP: 10/10
  1909 | D:5      | Reached skill level 6 in Unarmed Combat
  1910 | D:5      | Demolished by an ogre

Illustrated notes

Levels and vault maps discovered:
D:1:      minmay_arrival_four_circles, layout_rooms
D:2:      layout_loops_ring, uniq_natasha
D:3:      layout_loops_ring
D:5:      layout_cave_pools, mainiacjoe_overflow_six_doors_small,
          mainiacjoe_overflow_tiny_flanked, general_overflow_altar,
          cheibrodos_sewer_entry_drain

Skill      XL: |  1  2  3  4  5  6  7 |
---------------+----------------------+-----
Fighting       | 2 3 |  3.7
Unarmed Combat | 4 5 6 |  6.1
Dodging        | 3 4 |  4.1
Spellcasting   | |  2.0
Transmutations | |  2.0

Action                     |  1- 3 |  4- 6 |  7- 9 || total
---------------------------+-------+-------+-------++-------
  Melee: Unarmed           |    49 |   111 |     5 ||   165
         Constrict         |    11 |    20 |     1 ||    32
         Tentacles         |    10 |    26 |     2 ||    38
         Punch             |     1 |     6 |     1 ||     8
    Use: Potion            |       |     5 |       ||     5
   Stab: Sleeping          |       |     9 |       ||     9
 Armour: Skin              |     6 |    11 |     1 ||    18
  Dodge: Dodged            |    39 |    48 |     2 ||    89

Table legend: (Time is in decaauts)
 A = Elapsed time spent in this place.
 B = Non-inter-level travel time spent in this place.
 C = Inter-level travel time spent in this place.
 D = Time resting spent in this place.
 E = Time spent auto-exploring this place.
 F = Levels seen in this place.
 G = Mean time per level.
                   A        B        C        D        E       F      G
               +--------+--------+--------+--------+--------+-----+--------+
         Total |   1901 |   1872 |     29 |      0 |   1432 |   5 |  380.2 |
       Dungeon |    912 |    883 |     29 |      0 |    687 |   4 |  228.0 |
         Sewer |    989 |    989 |      0 |      0 |    745 |   1 |  989.0 |
               +--------+--------+--------+--------+--------+-----+--------+

Top non-repeatable levels by time:
   Sewer: 989 daAuts
     D:2: 439 daAuts
     D:1: 238 daAuts
     D:5: 225 daAuts
     D:3: 9 daAuts
